 Dungeon Crawl Stone Soup version 0.31-a0-1308-ga3cce3a448 (webtiles) character file.

Game seed: 5762969981252855634

25 tsouns the Sneak (level 3, -1/23 HPs)
             Began as a Kobold Delver on Dec 19, 2023.
             Slain by Blork the orc
             ... wielding a +0 battleaxe
              (13 damage)
             ... on level 4 of the Dungeon.
             The game lasted 00:00:45 (145 turns).

tsouns the Sneak (Kobold Delver)                     Turns: 145, Time: 00:00:45

Health: -1/23      AC:  3    Str:  9    XL:     3   Next: 17%
Magic:  3/3        EV: 14    Int: 13    God:
Gold:   0          SH:  0    Dex: 16    Spells: 2/2 levels left

rFire   . . .        a - +0 short sword
rCold   . . .        (no shield)
rNeg    . . .        b - +0 leather armour
rPois   .            (no helmet)
rElec   .            (no cloak)
rCorr   .            (no gloves)
SInv    .            (no boots)
Will    .....        (no amulet)
Stlth   ++++         (no ring)
HPRegen 0.23/turn    (no ring)
MPRegen 0.08/turn

%: no passive effects
@: no status effects
A: small, no large weapons, nightstalker 3
a: no special abilities


You were on level 4 of the Dungeon.
You visited 1 branch of the dungeon, and saw 2 of its levels.

Inventory:

Hand Weapons
 a - a +0 short sword (weapon)
Armour
 b - a +0 leather armour (worn)
Wands
 g - a wand of digging (3)
Scrolls
 c - a scroll of fog
 d - a scroll of revelation
Potions
 f - a potion of haste


   Skills:
 + Level 3.6 Fighting
 + Level 3.2 Short Blades
 + Level 2.9 Dodging
 + Level 6.9 Stealth


You had 2 spell levels left.
You didn't know any spells.
Your spell library was empty.

Dungeon Overview and Level Annotations

Branches:
Dungeon (5/15)
 Temple: D:4-7

Altars:

Annotations:
D:4 Blork the orc
D:5 Pikel


Innate Abilities, Weirdness & Mutations

You are small and have problems with some larger weapons.
You are completely attuned to the shadows.


Message History

3 lemures come into view.
The lemure shouts! x2
Pikel hits you with a +0 whip of flaming.
Pikel burns you. Pikel attacks as he pursues you!
Pikel hits you with a +0 whip of flaming!
Pikel burns you. Pikel attacks as he pursues you!
Pikel hits you with a +0 whip of flaming.
* * * LOW HITPOINT WARNING * * *
Pikel burns you.
* * * LOW HITPOINT WARNING * * *
As you read the scroll of fear, it crumbles to dust.
You assume a fearsome visage.
Pikel looks frightened!
The lemure looks frightened! x3
You are now empty-handed.
Okay, then.
Pikel shouts, "No!
I'll never do that again!"
Found a shiny copper wand.
There is a stone staircase leading up here.
You climb upwards.
There is a stone staircase leading down here.
HP restored.
Blork the orc comes into view.
He is wielding a +0 battleaxe and carrying a wand of flame.
Okay, then.
a - a +0 short sword (weapon)
The helpless Blork the orc fails to defend himself.
You impale Blork the orc!!
Blork the orc is severely wounded.
Blork the orc zaps a wand.
The puff of flame hits you!
You barely miss Blork the orc.
Blork the orc is severely wounded.
Blork the orc hits you with a +0 battleaxe.
You hit Blork the orc.
Blork the orc is severely wounded.
You hit Blork the orc.
Blork the orc is almost dead.
Blork the orc hits you with a +0 battleaxe!
Ouch! That really hurt!
You die...

### #..
#.# #o#
###@#
####...#
#....###
#.####
#.#
#####.#
#...>.#
..#####


You could see Blork the orc.

Vanquished Creatures
  An iguana (D:5)
1 creature vanquished.

Notes
Turn   | Place    | Note
-------+----------+-------------------------------------------
     0 | D:5      | tsouns the Kobold Delver began the quest for the Orb.
     0 | D:5      | Reached XP level 1. HP: 14/14 MP: 1/1
    13 | D:5      | Noticed an iguana
    17 | D:5      | Killed an iguana
    18 | D:5      | Reached XP level 2. HP: 19/19 MP: 2/2
    18 | D:5      | Reached XP level 3. HP: 23/23 MP: 3/3
    30 | D:5      | Noticed a lemure
    31 | D:5      | Noticed Pikel
    33 | D:5      | Noticed a lemure
    33 | D:5      | Noticed a lemure
    33 | D:5      | Noticed a lemure
    35 | D:5      | HP: 1/23 [Pikel/+0 whip of flaming (2)]
   138 | D:4      | Noticed Blork the orc
   145 | D:4      | Slain by Blork the orc

Illustrated notes

Levels and vault maps discovered:
D:4:      layout_rooms, nzn_wu_jian_contemplation, uniq_blork_the_orc,
          uniq_menkaure, uniq_edmund
D:5:      layout_loops_ring, nicolae_qazlal_scattered_showers,
          kennysheep_generic_room_9, uniq_sigmund, uniq_ijyb, uniq_pikel

Skill      XL: |  1 |
---------------+----+-----
Short Blades   | 3 |  3.2
Fighting       | |  3.6
Dodging        | |  2.9
Stealth        | |  6.9

Action                     || total
---------------------------++-------
  Melee: Short sword       ||     5
    Use: Scroll            ||     1
   Stab: Sleeping          ||     2
 Armour: Leather armour    ||     6

Table legend: (Time is in decaauts)
 A = Elapsed time spent in this place.
 B = Non-inter-level travel time spent in this place.
 C = Inter-level travel time spent in this place.
 D = Time resting spent in this place.
 E = Time spent auto-exploring this place.
 F = Levels seen in this place.
 G = Mean time per level.
                   A        B        C        D        E       F      G
               +--------+--------+--------+--------+--------+-----+--------+
         Total |    142 |    142 |      0 |      0 |    105 |   2 |   71.0 |
       Dungeon |    142 |    142 |      0 |      0 |    105 |   2 |   71.0 |
               +--------+--------+--------+--------+--------+-----+--------+

Top non-repeatable levels by time:
     D:4: 100 daAuts
     D:5: 42 daAuts
